 Dungeon Crawl Stone Soup version 0.29.1-1-gd02db6906a (webtiles) character file.

Game seed: 6189116942450054739

93 raistware the Conjurer (level 4, -25/27 HPs)
             Began as an Octopode Conjurer on Sept 27, 2022.
             Annihilated by an ogre
             ... wielding a +0 giant spiked club
              (29 damage)
             ... on level 3 of the Dungeon.
             The game lasted 00:05:21 (3661 turns).

raistware the Conjurer (Octopode Conjurer)          Turns: 3661, Time: 00:05:21

Health: -25/27     AC:  1    Str:  6    XL:     4   Next: 61%
Magic:  1/10       EV: 13    Int: 22    God:
Gold:   91         SH:  0    Dex: 10    Spells: 6/11 levels left

rFire   . . .      SeeInvis .   (no weapon)
rCold   . . .      Faith    .   (no shield)
rNeg    . . .      Spirit   .   (helmet restricted)
rPois   .          Reflect  .   (no amulet)
rElec   .          Harm     .   (no ring)
rCorr   .          Rampage  .   (no ring)
Will    .....      NoTele   +   (no ring)
Stlth   +++.......              (no ring)
HPRegen 0.09/turn               (no ring)
MPRegen 0.12/turn               (no ring)
                                (no ring)
                                (no ring)

@: immobile, very slightly contaminated
A: almost no armour, amphibious, 8 rings, camouflage 1, gelatinous body 1,
(nimble swimmer 1), tentacles
a: no special abilities


You were on level 3 of the Dungeon.
You visited 1 branch of the dungeon, and saw 3 of its levels.

You collected 91 gold pieces.

Inventory:

Scrolls
 g - a scroll of blinking {unknown}
 h - a scroll of identify {unknown}
 i - a scroll of fear {unknown}
 j - a scroll of poison {unknown}
 k - a scroll of vulnerability {unknown}
 m - a scroll of teleportation {unknown}
 o - a scroll of amnesia {unknown}
Potions
 a - a potion of magic
 b - 3 potions of haste {unknown}
 c - 4 potions of heal wounds {unknown}
 d - 2 potions of curing {unknown}
 e - a potion of might {unknown}
 l - a potion of cancellation {unknown}
 n - a potion of attraction {unknown}
 p - a potion of mutation {unknown}


   Skills:
 - Level 2.0 Dodging
 - Level 2.6 Stealth
 - Level 4.0 Spellcasting
 - Level 4.0 Conjurations
 + Level 1.6 Translocations


You had 6 spell levels left.
You knew the following spells:

 Your Spells              Type           Power      Damage    Failure   Level
a - Magic Dart            Conj           88%        1d7       2%          1
b - Iskenderun's Mystic   Conj/Tloc      16%        2d5       34%         4

Your spell library contained the following spells:

 Spells                   Type           Power      Damage    Failure   Level
 Searing Ray              Conj           44%        2d6       3%          2
 Dazzling Flash           Conj/Hex       26%        N/A       14%         3
 Fulminant Prism          Conj/Hex       6%         3d7       43%         4


Dungeon Overview and Level Annotations

Branches:
Dungeon (3/15)

Altars:


Innate Abilities, Weirdness & Mutations

You cannot wear most types of armour.
You are amphibious.
You can wear up to eight rings at the same time.
Your skin changes colour to match your surroundings (Stealth+).
Your rubbery body absorbs attacks. (AC +1, EV +1)
((You are camouflaged when in or above water. (Stealth+)))
You have tentacles for arms and can constrict up to eight enemies at once.


Message History

Sorry, you're not good enough to have a special ability.
Magic courses through your body. The ogre barely misses you.
Casting: Magic Dart (safe; 2% risk of failure)
Confirm with . or Enter, or press ? or * to list all spells.
The spell is astonishingly dangerous to miscast (34% risk of failure)!
Continue anyway?
You miscast Iskenderun's Mystic Blast.
You are very lightly contaminated with residual magic.
You are caught in a violent explosion!
The ogre hits you with a +0 giant spiked club!
* * * LOW HITPOINT WARNING * * *
Casting: Iskenderun's Mystic Blast (astonishingly dangerous; 34% risk of failure)
Confirm with . or Enter, or press ? or * to list all spells.
The spell is astonishingly dangerous to miscast (34% risk of failure)!
Continue anyway?
You miscast Iskenderun's Mystic Blast.
The floor and the ceiling briefly switch places.
You are magically locked in place.
Unknown command.
Casting: Iskenderun's Mystic Blast (astonishingly dangerous; 34% risk of failure)
Confirm with . or Enter, or press ? or * to list all spells.
You don't have enough magic to cast this spell.
You are too injured to fight recklessly!
Casting: Iskenderun's Mystic Blast (astonishingly dangerous; 34% risk of failure)
Confirm with . or Enter, or press ? or * to list all spells.
Aiming: Magic Dart (safe; 2% risk of failure)
Press: ? - help, Shift-Dir - straight line, f/p - ogre
Aim: an ogre, wielding a +0 giant spiked club (severely wounded, 100% to hit)
The magic dart hits the ogre but does no damage.
The ogre is severely wounded.
The ogre barely misses you.
Unknown command.
Casting: Magic Dart (safe; 2% risk of failure)
Confirm with . or Enter, or press ? or * to list all spells.
Aiming: Magic Dart (safe; 2% risk of failure)
Press: ? - help, Shift-Dir - straight line, f/p - ogre
Aim: an ogre, wielding a +0 giant spiked club (severely wounded, 100% to hit)
The magic dart hits the ogre.
The ogre is severely wounded.
The ogre hits you with a +0 giant spiked club!!
Ouch! That really hurt!
You die...

#.......# #..####.#
..(( #..<###.#.# #..#
.. #.......#.# #.(# #.
###.#####.# ..# .. #.#
#.# ... .#
#####.#####.# #.#..#
#........##.# #O#..#.#
#.###.##.##.####@.....#
#.#....#.##.........###
#.....#..#.........##
.............)........'
#........#.#####.....##
###..#####.# ......#
##.# #># #.....# #.#
#.# #.....# #.# #..
....###


You could see an ogre.

Vanquished Creatures
  3 adders
  A worm (D:3)
  A dart slug (D:3)
  2 orcs (D:3)
  A bat (D:1)
  8 endoplasms
  2 giant cockroaches (D:1)
  9 goblins (D:2)
  12 hobgoblins
  A quokka (D:2)
  3 ball pythons
  2 frilled lizards
  3 kobolds
  5 rats
53 creatures vanquished.

Notes
Turn   | Place    | Note
-------+----------+-------------------------------------------
     0 | D:1      | raistware the Octopode Conjurer began the quest for the
                  | Orb.
     0 | D:1      | Reached XP level 1. HP: 11/11 MP: 3/3
   211 | D:1      | Reached XP level 2. HP: 2/17 MP: 0/5
  1623 | D:2      | Reached XP level 3. HP: 21/21 MP: 4/7
  2442 | D:2      | Found a faded altar of an unknown god.
  2693 | D:3      | Reached XP level 4. HP: 26/27 MP: 2/9
  2698 | D:3      | Learned a level 4 spell: Iskenderun's Mystic Blast
  3077 | D:3      | Reached skill level 1 in Translocations
  3646 | D:3      | Noticed an ogre
  3661 | D:3      | Annihilated by an ogre

Illustrated notes

Levels and vault maps discovered:
D:1:      dpeg_arrival_round_b, layout_basic, serial_bayou, serial_bayou_pond_d,
          serial_bayou_ford_a, serial_bayou_pond_d, serial_bayou_shore_b,
          due_unseen_surprise
D:2:      layout_basic, shapermc_ecumenical_altar_notcrosses,
          minmay_goblin_outpost
D:3:      layout_loops_corners, gammafunk_temple_overflow_statue

Skill      XL: |  1  2  3  4 |
---------------+-------------+-----
Spellcasting   | 3 4 |  4.0
Translocations | 1 |  1.6
Dodging        | |  2.0
Stealth        | |  2.6
Conjurations   | |  4.0

Action                   |  1- 3 |  4- 6 || total
-------------------------+-------+-------++-------
Melee: Unarmed           |    25 |     4 ||    29
       Constrict         |     7 |     2 ||     9
       Tentacles         |     4 |     1 ||     5
       Punch             |     1 |       ||     1
Throw: Dart              |       |     3 ||     3
 Cast: Magic Dart        |    87 |    37 ||   124
       Iskenderun's Myst |       |     2 ||     2
  Use: Potion            |       |     1 ||     1
Armor: Skin              |     3 |       ||     3
Dodge: Dodged            |    13 |    10 ||    23
